Map: [ESL] Data-C

Players

gumiho - Winner!

  • Race: Terran Terran
  • Spawn Location: 3:00

Cham

  • Race: Zerg Zerg
  • League: Master
  • Spawn Location: 9:00

Event: HomeStory Cup XXII

VOD

Have the link to the VOD?

Description

Time

  • Played on: Dec. 15, 2022, 1:14 p.m.
  • Length: 11:46

All games in this series

Show
View Real Time Build Order
Export as new Build Order

gumiho Terran - Winner!

Build Orders: Reaper Expand, Hellion Banshee 

Get SALT Encoding   

  12  0:00  SCV  
  13  0:12  SCV  
  14  0:17  Supply Depot  
  14  0:24  SCV  
  15  0:38  SCV  
  15  0:39  Barracks  
  16  0:43  Refinery  
  16  0:50  SCV  
  17  1:02  SCV  
  18  1:14  SCV  
  19  1:26  Reaper, Orbital Command  
  20  1:39  Command Center  
  20  1:46  Supply Depot  
  20  1:52  SCV  
  21  1:58  Marine  
  22  2:04  SCV  
  23  2:10  Factory  
  23  2:16  SCV  
  23  2:22  Barracks Reactor  
  24  2:28  SCV  
  25  2:40  SCV  
  25  2:41  Command Center  
  25  2:43  Refinery  
  26  2:51  Orbital Command  
  26  2:54  SCV  
  27  3:05  Starport  
  27  3:06  SCV  
  27  3:12  Hellion  
  30  3:14  Hellion  
  30  3:18  Barracks Tech Lab  
  30  3:19  SCV  
  33  3:21  SCV  
  34  3:31  SCV  
  34  3:33  SCV  
  38  3:34  Hellion  
  38  3:35  Hellion  
  40  3:43  SCV  
  40  3:45  SCV  
  40  3:48  Banshee, Cloaking Field  
  45  3:53  Orbital Command  
  45  3:58  SCV x2  
  45  4:01  Supply Depot  
  47  4:04  Hellion  
  47  4:08  Hellion  
  51  4:12  SCV  
  51  4:17  Orbital Command  
  43  4:25  Hellion  
  43  4:27  Bunker  
  43  4:29  Hellion  
  46  4:31  Banshee  
  46  4:34  SCV x2  
  46  4:37  Barracks Tech Lab  
  50  4:45  SCV  
  51  4:46  SCV  
  51  4:48  SCV  
  53  4:54  Supply Depot  
  53  4:57  SCV  
  53  4:58  SCV, Hellion  
  53  4:59  Hellion  
  59  5:04  Supply Depot, SCV  
  60  5:09  SCV  
  61  5:15  SCV, Banshee  
  61  5:18  SCV  
  66  5:21  SCV  
  66  5:26  Armory  
  66  5:27  Hellion x2, SCV  
  72  5:30  SCV  
  72  5:33  SCV  
  74  5:39  SCV  
  74  5:40  Supply Depot  
  74  5:41  Supply Depot  
  75  5:45  SCV  
  75  5:48  Orbital Command  
  74  5:51  SCV  
  74  5:52  Hellion, Refinery x2  
  74  5:56  Engineering Bay  
  76  6:01  Factory  
  76  6:02  Hellion, Barracks Tech Lab, Factory  
  76  6:03  SCV  
  76  6:04  SCV  
  80  6:06  Viking  
  82  6:14  SCV  
  82  6:15  SCV  
  82  6:17  Terran Vehicle Weapons Level 1  
  82  6:18  Supply Depot, Hellion  
  86  6:24  Hellion, SCV  
  89  6:26  SCV  
  89  6:29  Command Center  
  89  6:32  SCV  
  91  6:36  SCV  
  92  6:40  Hellion  
  92  6:46  SCV x2  
  92  6:47  Thor  
  84  6:50  SCV  
  87  6:58  SCV  
  87  6:59  SCV  
  87  7:01  Hellion  
  90  7:02  Missile Turret  
  90  7:03  Missile Turret  
  90  7:04  Missile Turret  
  90  7:07  SCV  
  91  7:10  SCV  
  91  7:13  SCV, Factory  
  91  7:16  Factory  
  91  7:17  Refinery x2, Factory, Starport Reactor  
  91  7:19  Supply Depot, SCV  
  91  7:20  Supply Depot x2  
  92  7:23  SCV  
  92  7:25  SCV  
  92  7:26  Thor  
  100  7:31  Infernal Pre-Igniter  
  100  7:38  Hellion  
  100  7:41  Hellion, SCV x2  
  103  7:50  SCV  
  101  7:53  SCV  
  101  7:55  Thor  
  107  7:59  Hellion  
  107  8:00  SCV  
  107  8:02  SCV, Hellion  
  107  8:05  SCV, Factory Tech Lab, Factory Reactor  
  111  8:06  Hellion  
  111  8:10  Hellion  
  111  8:12  SCV  
  114  8:14  SCV, Terran Vehicle Weapons Level 2, Missile Turret  
  114  8:15  Refinery  
  114  8:17  Refinery, SCV  
  112  8:20  Orbital Command  
  112  8:23  Hellion x2  
  112  8:24  Hellion, SCV  
  119  8:30  Supply Depot  
  119  8:31  Supply Depot, SCV x2  
  119  8:32  Supply Depot  
  121  8:38  Medivac x2  
  125  8:47  Thor  
  131  8:49  Command Center  
  131  8:51  Siege Tank  
  131  8:52  Hellion x2  
  138  8:56  Hellion x2  
  135  9:11  Siege Tank x2  
  135  9:13  Hellion x2  
  135  9:16  Medivac x2  
  143  9:18  Hellion x2  
  143  9:21  SCV  
  142  9:24  Siege Tank  
  142  9:30  Siege Tank  
  140  9:34  Hellion  
  140  9:35  Hellion  
  140  9:36  Hellion x3  
  138  9:39  Hellion x2  
  138  9:43  Siege Tank  
  138  9:44  Hellion  
  141  9:46  Medivac x2  
  141  9:49  Command Center  
  145  9:54  SCV  
  145  9:56  Hellion x3  
  152  10:02  Hellion x2, Siege Tank  
  152  10:05  Siege Tank  
  162  10:15  Siege Tank  
  162  10:17  Siege Tank  
  168  10:32  Command Center  
  168  10:34  Command Center, Siege Tank  
  169  10:36  Command Center  
  169  10:39  Siege Tank  
  169  10:40  Hellion x3  
  176  10:46  Hellion  
  178  10:50  Supply Depot  
  178  10:51  Supply Depot  
  178  10:52  Supply Depot  
  178  10:55  Planetary Fortress  
  178  11:00  Siege Tank x2  
  178  11:01  Hellion x3  
  190  11:07  Hellion, Siege Tank  
  188  11:12  Cyclone  
  177  11:23  Hellion x3  
Show
View Real Time Build Order
Export as new Build Order

Cham Zerg 

Build Orders: Hatch First 

Get SALT Encoding   

  12  0:00  Drone  
  13  0:12  Overlord  
  13  0:17  Drone  
  14  0:30  Drone x2  
  16  0:48  Hatchery  
  15  0:51  Drone  
  15  0:55  Drone  
  17  0:58  Drone  
  18  1:12  Spawning Pool  
  18  1:14  Extractor  
  18  1:17  Drone  
  17  1:20  Drone  
  18  1:27  Drone  
  19  1:39  Drone  
  20  1:48  Drone  
  21  2:00  Queen x2  
  21  2:01  Zergling x4  
  27  2:11  Overlord  
  27  2:12  Drone  
  28  2:24  Hatchery  
  28  2:29  Drone x2  
  29  2:34  Drone  
  29  2:35  Drone  
  31  2:41  Metabolic Boost  
  31  2:46  Overlord  
  31  2:48  Drone  
  32  2:54  Queen  
  34  2:58  Overlord  
  34  3:02  Zergling x2  
  34  3:05  Zergling x2  
  36  3:10  Zergling x4  
  36  3:11  Zergling x4  
  40  3:17  Zergling x2  
  40  3:19  Zergling x2  
  42  3:30  Zergling x4, Queen  
  46  3:40  Zergling x6  
  49  3:42  Zergling x2  
  49  3:43  Zergling x4  
  49  3:48  Zergling x2, Drone x3  
  54  3:51  Drone  
  57  3:57  Drone  
  50  4:18  Drone x5  
  50  4:21  Drone x4  
  50  4:22  Overlord x2  
  50  4:23  Lair  
  57  4:31  Overlord x2  
  57  4:35  Spore Crawler x2  
  55  4:39  Extractor  
  55  4:42  Drone x4  
  55  4:43  Drone  
  55  4:45  Extractor  
  57  4:49  Spore Crawler, Drone, Extractor  
  57  4:52  Drone  
  57  4:53  Drone  
  57  4:55  Drone  
  57  4:56  Drone  
  57  4:58  Drone  
  61  5:12  Drone x3, Overlord  
  61  5:13  Drone  
  61  5:14  Drone  
  66  5:20  Drone  
  67  5:21  Baneling Nest  
  67  5:23  Overseer  
  66  5:28  Spire  
  66  5:33  Drone x7  
  71  5:39  Drone, Overlord  
  71  5:41  Drone x2  
  73  5:46  Drone x3  
  73  5:47  Drone  
  76  5:52  Drone x2, Extractor  
  76  5:53  Drone  
  76  5:55  Drone  
  76  5:56  Extractor  
  78  5:58  Overlord  
  78  6:00  Overlord  
  78  6:03  Drone x2  
  80  6:13  Hatchery  
  80  6:15  Drone x2  
  81  6:23  Baneling  
  81  6:24  Baneling x4  
  81  6:36  Baneling x2  
  80  6:46  Drone  
  71  6:52  Hatchery  
  71  6:53  Mutalisk x9  
  86  6:56  Queen  
  86  6:57  Queen, Overlord x2  
  86  7:00  Mutalisk  
  90  7:07  Overlord  
  88  7:11  Centrifugal Hooks  
  88  7:12  Drone  
  88  7:13  Drone  
  90  7:19  Drone  
  90  7:20  Queen, Overlord  
  93  7:23  Drone  
  93  7:27  Drone x2  
  96  7:30  Evolution Chamber  
  96  7:31  Evolution Chamber  
  96  7:33  Zergling x2  
  89  7:39  Zergling x4  
  89  7:42  Mutalisk  
  91  7:50  Drone x2  
  83  7:57  Roach Warren  
  75  8:04  Drone x2  
  75  8:05  Drone x2  
  73  8:07  Queen x2  
  73  8:09  Drone  
  73  8:11  Drone  
  79  8:18  Drone x3  
  82  8:21  Drone x5  
  82  8:22  Queen x2, Drone  
  82  8:25  Zerg Ground Armor Level 1, Zerg Missile Weapons Level 1  
  92  8:28  Drone x2  
  92  8:31  Overlord  
  94  8:36  Baneling x5  
  94  8:37  Roach x3  
  94  8:38  Roach  
  94  8:40  Glial Reconstitution  
  102  8:42  Queen  
  102  8:43  Drone  
  105  8:49  Drone  
  105  8:50  Drone x3  
  105  8:53  Roach  
  111  8:58  Roach x2  
  111  8:59  Roach x4  
  111  9:01  Overseer  
  121  9:04  Roach x2  
  121  9:07  Roach  
  123  9:10  Roach  
  123  9:11  Roach  
  123  9:14  Roach  
  123  9:15  Roach x3  
  123  9:16  Roach  
  129  9:20  Roach  
  129  9:22  Roach  
  125  9:34  Hatchery  
  125  9:37  Hatchery  
  115  9:40  Drone x3  
  116  9:49  Drone, Evolution Chamber  
  116  9:51  Zergling x2, Roach x2  
  121  9:55  Extractor  
  121  9:57  Extractor  
  119  10:01  Roach x2  
  119  10:02  Roach  
  125  10:09  Ravager x2  
  125  10:13  Roach, Overlord x2  
  125  10:14  Overlord  
  129  10:15  Overlord  
  129  10:17  Hatchery  
  128  10:21  Drone x2  
  128  10:24  Overlord  
  130  10:30  Overlord x2  
  129  10:36  Ravager  
  129  10:37  Ravager x5  
  135  10:44  Roach x4  
  135  10:45  Ravager  
  135  10:48  Ravager  
  135  10:49  Ravager x8  
  154  10:50  Ravager  
  154  10:52  Drone  
  154  10:53  Drone  
  156  11:02  Roach x6  
  158  11:16  Roach  
  158  11:17  Roach x9  
  138  11:19  Overseer  
  138  11:21  Roach x2  
Tags
 
Add a new tag
Caveats
  • Supply blocks, unpowered buildings, or Contaminate may cause inaccurate times.
  • Supply counts are checked every 10 seconds.